 Dungeon Crawl Stone Soup version 0.29.1-1-gd02db6906a (webtiles) character file.

Game seed: 10455389345947807093

42 nshep25 the Covered (level 3, 0/33 HPs)
             Began as a Minotaur Fighter on Oct 5, 2022.
             Slain by a gnoll
             ... wielding a +0 flail
              (4 damage)
             ... on level 2 of the Dungeon.
             The game lasted 00:02:27 (1126 turns).

nshep25 the Covered (Minotaur Fighter)              Turns: 1126, Time: 00:02:28

Health: 0/33       AC:  7    Str: 22    XL:     3   Next: 35%
Magic:  2/2        EV:  9    Int:  5    God:
Gold:   79         SH:  4    Dex:  9    Spells: 2/2 levels left

rFire   . . .      SeeInvis .   a - +0 war axe
rCold   . . .      Faith    .   c - +0 buckler
rNeg    . . .      Spirit   .   b - +0 scale mail
rPois   .          Reflect  .   (helmet restricted)
rElec   .          Harm     .   (no cloak)
rCorr   .          Rampage  .   (no gloves)
Will    .....                   (no boots)
Stlth   ..........              (no amulet)
HPRegen 0.11/turn               (no ring)
MPRegen 0.08/turn               (no ring)

@: no status effects
A: horns 2, retaliatory headbutt
a: no special abilities


You were on level 2 of the Dungeon.
You visited 1 branch of the dungeon, and saw 2 of its levels.

You collected 79 gold pieces.

Inventory:

Hand Weapons
 a - a +0 war axe (weapon)
Missiles
 i - 6 poisoned darts (quivered)
Armour
 b - a +0 scale mail (worn)
 c - a +0 buckler (worn)
Scrolls
 f - a scroll of enchant armour {unknown}
 g - 2 scrolls of teleportation {unknown}
 k - a scroll of noise {unknown}
Potions
 d - a potion of might
 e - 2 potions of berserk rage {unknown}
 h - a potion of cancellation {unknown}
 j - a potion of curing {unknown}
 l - a potion of magic {unknown}
 m - a potion of flight {unknown}


   Skills:
 + Level 4.0 Fighting
 + Level 3.4 Axes
 + Level 4.2 Armour
 + Level 3.9 Shields


You had 2 spell levels left.
You didn't know any spells.
Your spell library contained the following spells:

 Spells                   Type           Power      Damage    Failure   Level
 Ensorcelled Hibernation  Hex/Ice        0%         N/A       95%         2
 Dazzling Flash           Conj/Hex       0%         N/A       99%         3
 Iskenderun's Mystic Bla  Conj/Tloc      0%         2d3       100%        4
 Silence                  Hex/Air        0%         N/A       100%        5
 Simulacrum               Ice/Necr       0%         N/A       100%        6
 Starburst                Conj/Fire      0%         6d3       100%        6


Dungeon Overview and Level Annotations

Branches:
Dungeon (2/15)

Altars:


Innate Abilities, Weirdness & Mutations

You have a pair of horns on your head.
You reflexively headbutt those who attack you in melee.


Message History

You slash the gnoll!
You kill the gnoll!
You hit the gnoll but do no damage. You block the gnoll's attack.
You hit the gnoll but do no damage. The gnoll closely misses you.
You closely miss the gnoll. Your headbutt misses the gnoll.
The gnoll closely misses you. You furiously retaliate!
You headbutt the gnoll. The gnoll hits you with a +0 flail.
You hit the gnoll. Your headbutt misses the gnoll.
The gnoll is heavily wounded.
The gnoll hits you with a +0 flail.
You closely miss the gnoll. Your headbutt misses the gnoll.
The gnoll is heavily wounded.
You block the gnoll's attack. x2
You barely miss the gnoll.
The gnoll is heavily wounded.
The gnoll barely misses you.
You hit the gnoll but do no damage.
The gnoll is heavily wounded.
The gnoll hits you with a +0 flail.
You barely miss the gnoll.
The gnoll is heavily wounded.
The gnoll closely misses you. The gnoll hits you but does no damage.
You barely miss the gnoll.
The gnoll is heavily wounded.
The gnoll hits you with a +0 flail.
You closely miss the gnoll.
The gnoll is heavily wounded.
The gnoll hits you with a +0 flail. You block the gnoll's attack.
You completely miss the gnoll.
The gnoll is heavily wounded.
The gnoll closely misses you.
You barely miss the gnoll.
The gnoll is heavily wounded.
The gnoll hits you with a +0 flail!
You barely miss the gnoll.
The gnoll is heavily wounded.
The gnoll hits you with a +0 flail.
* * * LOW HITPOINT WARNING * * *
The gnoll hits you with a +0 flail.
You die...

..#
...................#
..+
###...............#
..# ..............#
..# ........###.###
..# ............#
..# #######.....###
..# #........ ###
.###########.....###
.....gg@............
############.....###
#######


You could see 2 gnolls.

Vanquished Creatures
  A gnoll (D:2)
  A worm (D:2)
  6 ball pythons
  3 endoplasms (D:1)
  5 giant cockroaches (D:1)
  4 goblins (D:1)
  3 hobgoblins (D:1)
  A bat (D:1)
  A frilled lizard (D:1)
  A rat (D:1)
26 creatures vanquished.

Notes
Turn   | Place    | Note
-------+----------+-------------------------------------------
     0 | D:1      | nshep25 the Minotaur Fighter began the quest for the Orb.
     0 | D:1      | Reached XP level 1. HP: 19/19 MP: 0/0
   126 | D:1      | Reached XP level 2. HP: 22/27 MP: 1/1
   355 | D:1      | Got Fettanoz's Disquisition on Doomed Enchantment
   991 | D:2      | Reached XP level 3. HP: 33/33 MP: 2/2
  1126 | D:2      | Slain by a gnoll

Illustrated notes

Levels and vault maps discovered:
D:1:      dpeg_arrival_brainrot, layout_basic
D:2:      layout_basic, kennysheep_generic_room_12

Skill      XL: |  1  2 |
---------------+-------+-----
Axes           | 3 |  3.4
Armour         | 4 |  4.2
Fighting       | 4 |  4.0
Shields        | |  3.9

Action                   || total
-------------------------++-------
Melee: War axe           ||    69
       Headbutt          ||     6
Armor: Scale mail        ||    26
Dodge: Dodged            ||    35
Block: Buckler           ||    16
